 Dungeon Crawl Stone Soup version 0.30-b1-2-g02819fbbbe (webtiles) character file.

Game seed: 4636891119560100112

501 smellygav the Digger (level 7, -1/36 HPs)
             Began as a Gargoyle Earth Elementalist on Jan 5, 2024.
             Was an Initiate of Sif Muna.
             Slain by a yak (8 damage)
             ... on level 5 of the Dungeon on Jan 6, 2024.
             The game lasted 00:52:53 (3783 turns).

smellygav the Digger (Gargoyle Earth Elementalist)  Turns: 3783, Time: 00:52:55

Health: -1/36      AC:  8    Str: 11    XL:     7   Next: 17%
Magic:  3/13       EV: 11    Int: 18    God:    Sif Muna [......]
Gold:   189        SH:  0    Dex: 10    Spells: 8/14 levels left

rFire   . . .        c - +0 spear
rCold   . . .        (no shield)
rNeg    + . .        a - +0 robe
rPois   ∞            (no helmet)
rElec   +            e - scarf {repulsion}
rCorr   .            (no gloves)
SInv    .            l - +1 pair of boots
Will    .....        (no amulet)
Stlth   ++           (no ring)
HPRegen 0.26/turn    (no ring)
MPRegen 0.13/turn

%: repel missiles
@: no status effects
A: sickness immunity, AC +4, negative energy resistance 1, electricity
resistance, torment resistance 1, petrification resistance
a: Renounce Religion


You were on level 5 of the Dungeon.
You worshipped Sif Muna.
Sif Muna was noncommittal.
You visited 1 branch of the dungeon, and saw 5 of its levels.

You collected 189 gold pieces.

Inventory:

Hand Weapons
 c - a +0 spear (weapon)
 n - a +0 club
Missiles
 r - 5 poisoned darts
Armour
 a - a +0 robe (worn)
 e - a scarf of repulsion (worn)
 f - a +0 leather armour
 h - a +0 ring mail
 l - a +1 pair of boots (worn)
 m - a +0 pair of boots
 p - a +0 chain mail
Wands
 k - a wand of digging (2)
 q - a wand of mindburst (11)
Scrolls
 s - a scroll of torment
 v - a scroll of fog
Potions
 b - a potion of magic
 d - 4 potions of curing
 g - 2 potions of haste
 i - a potion of cancellation
 j - a potion of heal wounds {unknown}
 o - a potion of degeneration {unknown}
 u - a potion of flight {unknown}


   Skills:
 - Level 1.5 Dodging
 - Level 2.1 Stealth
 + Level 4.2 Spellcasting
 + Level 2.5 Conjurations
 - Level 2.7 Transmutations
 + Level 6.2 Earth Magic


You had 8 spell levels left.
You knew the following spells:

 Your Spells              Type           Power      Damage    Failure   Level
a - Sandblast             Erth           52%        2d12      1%          1
b - Passwall              Tmut/Erth      15%        N/A       3%          2
c - Stone Arrow           Conj/Erth      38%        3d9       7%          3

Your spell library contained the following spells:

 Spells                   Type           Power      Damage    Failure   Level
 Petrify                  Tmut/Erth      19%        N/A       22%         4
 Dazzling Flash           Conj/Hex       16%        N/A       26%         3
 Volatile Blastmotes      Fire/Tloc      6%         2d10      41%         3
 Iskenderun's Mystic Bla  Conj/Tloc      8%         2d4       65%         4
 Starburst                Conj/Fire      4%         6d3       100%        6


Dungeon Overview and Level Annotations

Branches:
Dungeon (5/15)
 Temple: D:4-7

Altars:
Cheibriados
Fedhas
Sif Muna
The Shining One

Portals:
Sewer: D:5


Innate Abilities, Weirdness & Mutations

You are immune to sickness and miasma.
Your stone body is resilient. (AC +4)
You are immune to poison.
You resist negative energy. (rN+)
You are resistant to electric shocks. (rElec)
You are resistant to unholy torment.
You are immune to petrification.


Message History

Your Earth Magic skill increases to level 6!
You have reached level 7!
Casting: Sandblast (safe; 1% risk of failure)
Confirm with . or Enter, or press ? or * to list all spells.
You can't see any susceptible monsters within range! (Use Z to cast anyway.)
The orc priest calls down the wrath of Beogh upon you.
Beogh smites you!
You hear a shout!
The orc priest begins to cast a cantrip, but forgets the words!
Casting: Sandblast (safe; 1% risk of failure)
Confirm with . or Enter, or press ? or * to list all spells.
You can't see any susceptible monsters within range! (Use Z to cast anyway.) Unknown command.
A yak is nearby!
Casting: Sandblast (safe; 1% risk of failure)
Confirm with . or Enter, or press ? or * to list all spells.
Aiming: Sandblast (safe; 1% risk of failure)
Press: ? - help, Shift-Dir - straight line, f - yak
Aim: a yak (90% to hit)
The blast of sand hits the yak.
The yak is lightly wounded.
Casting: Sandblast (safe; 1% risk of failure)
Confirm with . or Enter, or press ? or * to list all spells.
Aiming: Sandblast (safe; 1% risk of failure)
Press: ? - help, Shift-Dir - straight line, f/p - yak
Aim: a yak (lightly wounded, 90% to hit)
The blast of sand hits the yak!
The yak is heavily wounded.
The orc priest calls down the wrath of Beogh upon you.
Beogh smites you!
* * * LOW HITPOINT WARNING * * *
Casting: Sandblast (safe; 1% risk of failure)
Confirm with . or Enter, or press ? or * to list all spells.
Aiming: Sandblast (safe; 1% risk of failure)
Press: ? - help, Shift-Dir - straight line, f/p - yak
Aim: a yak (heavily wounded, 90% to hit)
The blast of sand hits the yak!
The yak is severely wounded.
The yak gores you!
You die...

### ..#### .....####
#...[...##
####.....###
###.#...##
#......######### #####
#####......@Y..###...#
#.########.o##...#
####### #.. ###
##......# ....... ....
....####....# .......
###............)..#
######.
#########..†...#### .#
#.....Y......# .##
#..#..........# ..# ##
#.. #...o......#


You could see a yak and an orc priest.

Vanquished Creatures
  A yak (D:5)
  An ogre (D:5)
  A scorpion (D:4)
  A hound (D:5)
  An iguana (D:4)
  7 adders
  A white imp (D:5)
  A worm (D:3)
  2 dart slugs
  4 orcs
  9 endoplasms
  2 giant cockroaches (D:1)
  4 hobgoblins
  3 jackals
  7 kobolds
  5 quokkas
  5 ball pythons
  14 bats
  3 frilled lizards
  10 goblins
  5 rats
87 creatures vanquished.

Notes
Turn   | Place    | Note
-------+----------+-------------------------------------------
     0 | D:1      | smellygav the Gargoyle Earth Elementalist began the quest
                  | for the Orb.
     0 | D:1      | Reached XP level 1. HP: 10/10 MP: 3/3
    54 | D:1      | Reached skill level 1 in Transmutations
   175 | D:1      | Reached XP level 2. HP: 15/15 MP: 1/5
   220 | D:1      | Learned a level 2 spell: Passwall
   316 | D:1      | Reached skill level 4 in Earth Magic
   733 | D:1      | Reached XP level 3. HP: 19/19 MP: 3/6
   798 | D:1      | Learned a level 3 spell: Stone Arrow
  1299 | D:2      | Reached XP level 4. HP: 24/24 MP: 6/8
  2374 | D:3      | Reached XP level 5. HP: 28/28 MP: 6/9
  2415 | D:3      | Found a shimmering blue altar of Sif Muna.
  2423 | D:3      | Became a worshipper of Sif Muna the Loreminder
  2780 | D:4      | Found a blossoming altar of Fedhas.
  2780 | D:4      | Found a snail-covered altar of Cheibriados.
  2797 | D:4      | Reached skill level 5 in Earth Magic
  2887 | D:4      | Reached XP level 6. HP: 12/32 MP: 6/11
  3420 | D:4      | Found a glowing golden altar of the Shining One.
  3600 | D:4      | Learned a level 3 spell: Stone Arrow
  3601 | D:5      | Entered Level 5 of the Dungeon
  3668 | D:5      | Found a glowing drain.
  3713 | D:5      | Reached skill level 1 in Conjurations
  3758 | D:5      | Noticed a yak
  3762 | D:5      | Noticed a yak
  3763 | D:5      | Killed a yak
  3764 | D:5      | Reached skill level 6 in Earth Magic
  3764 | D:5      | Reached XP level 7. HP: 24/36 MP: 4/13
  3783 | D:5      | Slain by a yak

Illustrated notes

Levels and vault maps discovered:
D:1:      psy_arrival_terrarium, layout_basic, st_stairs_2
D:2:      layout_basic
D:3:      layout_rooms, mainiacjoe_overflow_tiny_flanked
D:4:      layout_gridville, tso_altar, gammafunk_temple_overflow_wave
D:5:      layout_rooms, lemuel_round_altar, gammafunk_ghost_necromancy,
          gup_sewer_entry_glass, roderic_lattice_a,
          nicolae_shop_i_like_small_books_too

Skill      XL: |  1  2  3  4  5  6 |
---------------+-------------------+-----
Transmutations | 1 2 |  2.7
Earth Magic    | 4 5 6 |  6.2
Spellcasting   | 3 4 |  4.2
Conjurations   | 2 |  2.5
Dodging        | |  1.5
Stealth        | |  2.1

Action                     |  1- 3 |  4- 6 |  7- 9 || total
---------------------------+-------+-------+-------++-------
   Cast: Sandblast         |    48 |    73 |     3 ||   124
         Stone Arrow       |       |     1 |       ||     1
  Evoke: Wand              |       |     1 |       ||     1
    Use: Scroll            |     2 |     7 |       ||     9
 Armour: Robe              |     3 |       |       ||     3
         Leather armour    |     2 |     3 |       ||     5
         Ring mail         |       |     3 |       ||     3
  Dodge: Dodged            |    13 |     7 |       ||    20
         Repelled          |       |     1 |       ||     1
